 Dungeon Crawl Stone Soup version 0.29.0-11-gd7f09526c8 (webtiles) character file.

Game seed: 12615875920069285974

3229 Strat the Fighter (level 9, 0/76 HPs)
             Began as a Ghoul Enchanter on Sept 6, 2022.
             Was a Believer of Ru.
             Slain by a killer bee (7 damage)
             ... on level 7 of the Dungeon.
             The game lasted 00:19:02 (9077 turns).

Strat the Fighter (Ghoul Enchanter)                 Turns: 9077, Time: 00:19:03

Health: 0/76       AC:  7    Str: 16    XL:     9   Next: 98%
Magic:  10/10      EV:  9    Int: 16    God:    Ru [**....]
Gold:   427        SH:  2    Dex:  9    Spells: 11/11 levels left

rFire   . . .      SeeInvis .     - Unarmed
rCold   + . .      Faith    .   d - +0 buckler
rNeg    + + +      Spirit   .   H - +0 scale mail
rPois   ∞          Reflect  .   (no helmet)
rElec   .          Harm     .   (no cloak)
rCorr   .          Rampage  .   (no gloves)
Will    .....                   (no boots)
Stlth   +.........              v - amulet of regeneration
HPRegen 0.00/turn               h - +6 ring of intelligence
MPRegen 0.12/turn               (no ring)

@: inhibited regen
A: claws 1, cold resistance 1, frail 1, negative energy resistance 3, inhibited
regeneration, torment resistance 2, no air magic, no necromancy magic, no
transmutations magic, devour on kill
a: Renounce Religion


You were on level 7 of the Dungeon.
You worshipped Ru.
Ru was pleased with you.
You visited 2 branches of the dungeon, and saw 9 of its levels.
You also visited: Ossuary.

You collected 427 gold pieces.

Inventory:

Hand Weapons
 a - a +3 dagger of venom
 z - a +0 sling of freezing
 J - a +0 club
Missiles
 i - 14 poisoned darts (quivered)
Armour
 d - a +0 buckler (worn)
 H - a +0 scale mail (worn)
Jewellery
 h - a +6 ring of intelligence (left claw)
 q - an amulet of reflection
 r - a ring of magical power
 v - an amulet of regeneration (around neck)
 G - a ring of wizardry
Wands
 p - a wand of light (8)
 I - a wand of mindburst (4)
Scrolls
 b - 3 scrolls of identify
 k - a scroll of enchant weapon
 l - a scroll of magic mapping
 x - a scroll of torment
 A - a scroll of brand weapon {unknown}
 B - a scroll of teleportation
 F - a scroll of butterflies
Potions
 c - 3 potions of attraction
 e - 3 potions of lignification
 g - 3 potions of might
 m - 2 potions of resistance
 o - 3 potions of magic
 s - 2 potions of cancellation
 t - 7 potions of curing
 u - a potion of haste {unknown}
 C - a potion of berserk rage {unknown}
 D - a potion of brilliance {unknown}
 E - a potion of flight {unknown}


   Skills:
 - Level 10.1 Fighting
 - Level 0.8 Short Blades
 + Level 4.7 Armour
 - Level 1.7 Dodging
 - Level 3.2 Stealth
 + Level 9.2 Unarmed Combat
 - Level 1.7 Spellcasting
 - Level 2.4 Hexes


You had 11 spell levels left.
You didn't know any spells.
Your spell library contained the following spells:

 Spells                   Type           Power      Damage    Failure   Level
 Slow                     Hex            36%        N/A       36%         1
 Ensorcelled Hibernation  Hex/Ice        10%        N/A       67%         2
 Confusing Touch          Hex            9%         N/A       73%         3
 Tukima's Dance           Hex            9%         N/A       73%         3
 Dazzling Flash           Conj/Hex       10%        N/A       88%         3
 Vampiric Draining        Necr           Unusable   2d6       N/A         3

Dungeon Overview and Level Annotations

Branches:
Dungeon (8/15)             Temple (1/1) D:4         Ossuary (visited)
   Lair: D:8-11

Altars:
Ashenzari
Cheibriados
Gozag
Hepliaklqana
Kikubaaqudgha
Nemelex Xobeh
Okawaru
Qazlal
Ru
Sif Muna
Trog
Uskayaw
Vehumet
Wu Jian
Xom
Yredelemnul

Shops:
D:1 (

Annotations:
D:4 Dowan, Duvessa
D:8 2 transporters


Innate Abilities, Weirdness & Mutations

You are immune to poison.
You have sharp fingernails.
Your flesh is cold resistant. (rC+)
You are frail. (-10% HP)
You are immune to negative energy. (rN+++)
You do not regenerate when monsters are visible.
You are immune to unholy pain and torment.
You cannot study or cast Air magic.
You cannot study or cast Necromancy magic.
You cannot study or cast Transmutations magic.
You thrive by killing the living.


Message History

The wight attacks as you move away! The wight closely misses you.
The wight attacks as you move away! The wight barely misses you.
The two-headed ogre attacks as you move away!
The two-headed ogre completely misses you.
The two-headed ogre hits you with a +0 giant club.
* * * LOW HITPOINT WARNING * * *
Your surroundings suddenly seem different.
Found a scroll of identify and a ring mail.
Found a stone staircase leading up. 2 killer bees come into view.
The killer bee buzzes angrily.
A killer bee comes into view.
Found 9 gold pieces.
The killer bee buzzes angrily.
You see here a scroll of identify.
The killer bee stings you!
* * * LOW HITPOINT WARNING * * *
The killer bee stings you.
* * * LOW HITPOINT WARNING * * *
The killer bee attacks as you move away!
The killer bee stings you but does no damage.
You block the killer bee's attack. The killer bee stings you!
* * * LOW HITPOINT WARNING * * *
There is a stone staircase leading up here.
The killer bee is stunned by your conviction and fails to attack.
The killer bee stings you but does no damage. x2
The killer bee is stunned by your conviction and fails to attack.
The killer bee stings you but does no damage. x2
You climb upwards.
There is a stone staircase leading down here.
As you read the scroll of summoning, it crumbles to dust.
Wisps of shadow whirl around you... The killer bee barely misses you.
The killer bee closely misses you. The killer bee stings you!
* * * LOW HITPOINT WARNING * * *
The killer bee stings you but does no damage.
The killer bee stings you.
* * * LOW HITPOINT WARNING * * *
You focus your inner power and illuminate the killer bee in retribution!
The killer bee stings you!
You die...

#.#.#
##############.#.#
#............#.#.#
#..............#.###
#..#####...........#
##..# #.###.###.#.#
....# #.# #.# #.#.#
###.#####.###.###h#.#
###÷##.[...oo.5y@y#.#
.##.##.##.###.oy###.#
.##.##.##.# ###W# #.#
....##.##.# #.# #.#
.......##.# ##.###.#
.########.####...##.#
.# #...........# .#
######...#### .#
###########.##


You could see 3 killer bees, a friendly black bear (summoned), a friendly
phantom (summoned), a friendly orc priest (summoned), a friendly white imp
(summoned) and 2 friendly orcs.

Vanquished Creatures
  4 yaks (D:6)
  A wyvern (D:7)
  A steam dragon (D:8)
  A water moccasin (D:7)
  An orc warrior (D:8)
  A black bear (D:6)
  An ice beast (D:6)
  An ogre (D:4)
  3 centaurs
  A kobold brigand (D:8)
  A bullfrog (D:7)
  A gnoll sergeant (D:5)
  2 necrophages (D:6)
  2 scorpions
  4 water moccasin zombies (Ossuary)
  A wight (D:8)
  A howler monkey (D:6)
  A jelly (D:5)
  5 orc priests
  5 hounds
  An iguana (D:5)
  An iron imp (D:6)
  8 orc wizards
  2 mummies (Ossuary)
  3 gnolls (D:5)
  9 adders
  2 white imps (D:7)
  An ufetubus (D:5)
  4 adder zombies (Ossuary)
  5 worms
  32 orcs
  3 ball pythons
  7 bats
  4 endoplasms
  5 giant cockroaches
  8 gnoll zombies (Ossuary)
  3 goblins
  6 hobgoblins
  10 jackals
  A quokka (D:3)
  2 frilled lizards
  5 hobgoblin zombies (Ossuary)
  15 kobolds
  5 kobold zombies (Ossuary)
  5 orc zombies (Ossuary)
  6 rats
191 creatures vanquished.

Vanquished Creatures (others)
  An orc (D:3)
  A bush (D:7)
2 creatures vanquished.

Grand Total: 193 creatures vanquished

Notes
Turn   | Place    | Note
-------+----------+-------------------------------------------
     0 | D:1      | Strat the Ghoul Enchanter began the quest for the Orb.
     0 | D:1      | Reached XP level 1. HP: 14/14 MP: 2/2
   201 | D:1      | Reached skill level 1 in Unarmed Combat
   210 | D:1      | Reached XP level 2. HP: 13/22 MP: 3/3
   438 | D:1      | Reached skill level 1 in Fighting
   886 | D:1      | Reached XP level 3. HP: 13/28 MP: 4/4
  1050 | D:1      | Found Hasymaj's Antique Weapon Boutique.
  1488 | D:2      | Found a faded altar of an unknown god.
  1849 | D:2      | Reached skill level 2 in Fighting
  1849 | D:2      | Reached XP level 4. HP: 36/36 MP: 5/5
  2766 | D:3      | Reached XP level 5. HP: 24/42 MP: 6/6
  3344 | D:4      | Found a staircase to the Ecumenical Temple.
  3362 | Temple   | Entered the Ecumenical Temple
  3367 | Temple   | Reached skill level 3 in Fighting
  3367 | Temple   | Reached XP level 6. HP: 19/51 MP: 7/7
  3408 | Temple   | Became a worshipper of Ru the Awakened
  3430 | D:4      | Reached skill level 5 in Unarmed Combat
  3619 | D:4      | Noticed Dowan
  3621 | D:4      | Noticed Duvessa
  3949 | D:4      | Reached skill level 4 in Fighting
  4168 | D:4      | Reached XP level 7. HP: 35/59 MP: 8/8
  4438 | D:5      | Entered Level 5 of the Dungeon
  4439 | D:5      | Identified the +1 leather armour of the Lizard {-Tele rElec
                  | Str+6 Stlth+}
  4476 | D:5      | Gained mutation: You cannot study or cast Air magic. [Ru
                  | sacrifice]
  4476 | D:5      | Gained mutation: You cannot study or cast Transmutations
                  | magic. [Ru sacrifice]
  4476 | D:5      | Gained mutation: You cannot study or cast Necromancy magic.
                  | [Ru sacrifice]
  4476 | D:5      | Reached * piety under Ru
  4973 | D:5      | Reached skill level 5 in Fighting
  5099 | D:5      | Found a radiant altar of Vehumet.
  5685 | D:6      | Reached skill level 6 in Fighting
  5685 | D:6      | Reached XP level 8. HP: 45/70 MP: 9/9
  5898 | D:6      | Reached skill level 7 in Fighting
  6005 | D:6      | Identified the +0 robe of the Dwarven Hall {Int+2}
  6031 | D:6      | Noticed a yak
  6069 | D:6      | Killed a yak
  6070 | D:6      | Reached skill level 8 in Fighting
  6113 | D:6      | Noticed a yak
  6113 | D:6      | Noticed a yak
  6142 | D:6      | Killed a yak
  6181 | D:6      | Noticed a yak
  6196 | D:6      | Killed a yak
  6197 | D:6      | Reached skill level 9 in Fighting
  6200 | D:6      | Killed a yak
  6201 | D:6      | Reached XP level 9. HP: 71/85 MP: 10/10
  6259 | D:6      | Found a snail-covered altar of Cheibriados.
  6570 | D:6      | Reached skill level 10 in Fighting
  6751 | D:7      | Gained mutation: You are frail. (-10% HP) [Ru sacrifice]
  6751 | D:7      | Reached ** piety under Ru
  6849 | D:7      | Found a sand-covered staircase.
  6866 | Ossuary  | Entered an ossuary
  6949 | Ossuary  | Reached skill level 1 in Armour
  7883 | D:7      | Identified the +0 ring mail of Cocytus {MP+9 Int+3 SInv}
  8176 | D:8      | Found a transporter.
  8195 | D:8      | Found a basalt altar of Yredelemnul.
  8199 | D:8      | Noticed a flayed ghost
  8205 | D:8      | Found an ancient bone altar of Kikubaaqudgha.
  8208 | D:8      | Found a transporter.
  8834 | D:8      | Noticed a two-headed ogre
  9077 | D:7      | Slain by a killer bee

Illustrated notes

Levels and vault maps discovered:
D:1:      lightli_arrival_noodles, layout_loops_ring, serial_shops,
          shop_fountains
D:2:      layout_basic, hellmonk_ecumenical_altar_prayer_group,
          serial_corexii_hall, chequers_hall_statues_corner_a,
          chequers_hall_statues_y, chequers_hall_statues_corner_a,
          corexii_hall_statues_i
D:3:      layout_basic, nicolae_figureground_pulse
D:4:      layout_gridville, temple_pool_b, uniq_duvessa
D:5:      layout_basic, mainiacjoe_overflow_alcove_1, serial_bayou_lake_a
D:6:      layout_loops_corners, slow_altar_2, columned_hall_lemuel
D:7:      layout_loops_ring, nicolae_ossuary_entry_ruins,
          kb_lookout_dungeons_type
D:8:      layout_cave_pods, gammafunk_temple_of_torment, feat_on_display
Temple:   hellmonk_temple_two_chambers

Skill      XL: |  1  2  3  4  5  6  7  8  9 |
---------------+----------------------------+-----
Unarmed Combat | 1 2 3 4 6 7 9 |  9.2
Fighting       | 1 2 3 4 6 9 10 | 10.1
Armour         | 4 |  4.7
Short Blades   | |  0.8
Dodging        | |  1.7
Stealth        | |  3.2
Spellcasting   | |  1.7
Hexes          | |  2.4

Action                   |  1- 3 |  4- 6 |  7- 9 || total
-------------------------+-------+-------+-------++-------
Melee: Whip              |    99 |    24 |       ||   123
       Dagger            |     4 |   173 |   168 ||   345
       Punch             |     1 |     8 |    22 ||    31
       Unarmed           |       |       |   301 ||   301
 Fire: Sling             |       |       |     3 ||     3
Invok: Sacrifice Arcana  |       |       |     1 ||     1
       Sacrifice Health  |       |       |     1 ||     1
Evoke: Wand              |       |     2 |     3 ||     5
  Use: Potion            |       |     2 |     2 ||     4
       Scroll            |       |    12 |     9 ||    21
 Stab: Sleeping          |     2 |     1 |     1 ||     4
       Invisible         |       |       |     5 ||     5
Armor: Robe              |     5 |       |       ||     5
       Ring mail         |    32 |    73 |    95 ||   200
       Scale mail        |       |       |    33 ||    33
Dodge: Dodged            |    67 |   106 |   202 ||   375
Block: Buckler           |       |       |     1 ||     1
